 Dungeon Crawl Stone Soup version 0.30.0-20-g3b4254fcbd (webtiles) character file.

Game seed: 5568020026051530428

3289 Kranky the Ruffian (level 9, -6/89 HPs)
             Began as a Troll Fighter on June 2, 2023.
             Was a Follower of Wu Jian.
             Killed from afar by an acid dragon (30 damage)
             ... with a splash of acid
             ... on level 8 of the Dungeon.
             The game lasted 00:15:34 (8275 turns).

Kranky the Ruffian (Troll Fighter)                  Turns: 8275, Time: 00:15:34

Health: -6/89      AC:  2    Str: 26    XL:     9   Next: 69%
Magic:  8/8        EV: 10    Int:  8    God:    Wu Jian [*.....]
Gold:   357        SH: 14    Dex:  9    Spells: 8/8 levels left

rFire   . .          .
                       - Unarmed
rCold   . . .        b - +0 kite shield
rNeg    . . .        a - +0 robe
rPois   .            (helmet restricted)
rElec   .            F - +1 cloak
rCorr   .            (gloves unavailable)
SInv    .            (boots unavailable)
Will    .....        A - amulet of reflection
Stlth   +            k - ring of fire
HPRegen 1.14/turn    D - ring of ice
MPRegen 0.11/turn

%: reflection
@: corroded
A: large, unfitting armour, claws 3, regeneration 1, shaggy fur 1, tough skin 1
a: Renounce Religion


You were on level 8 of the Dungeon.
You worshipped Wu Jian.
Wu Jian was aware of your devotion.
You visited 2 branches of the dungeon, and saw 9 of its levels.
You also visited: Sewer.

You collected 357 gold pieces.

Inventory:

Missiles
 v - 21 poisoned darts (quivered)
 C - 4 throwing nets
Armour
 a - a +0 robe (worn)
 b - a +0 kite shield (worn)
 F - a +1 cloak (worn)
Jewellery
 k - a ring of fire (left claw)
 A - an amulet of reflection (around neck)
 D - a ring of ice (right claw)
 G - a ring of fire
Wands
 y - a wand of digging (7)
Scrolls
 e - a scroll of amnesia {unknown}
 h - a scroll of noise {unknown}
 j - 2 scrolls of poison
 l - 3 scrolls of enchant weapon
 m - a scroll of immolation
 o - a scroll of silence {unknown}
 q - a scroll of vulnerability {unknown}
 r - 3 scrolls of enchant armour
 w - a scroll of fog {unknown}
 x - a scroll of fear {unknown}
 B - a scroll of torment {unknown}
Potions
 c - 3 potions of might
 d - a potion of berserk rage {unknown}
 f - 7 potions of curing
 g - 4 potions of heal wounds
 i - 4 potions of mutation
 n - a potion of brilliance {unknown}
 p - 3 potions of degeneration
 s - a potion of ambrosia {unknown}
 t - 2 potions of lignification {unknown}
 u - 3 potions of invisibility {unknown}
 z - 3 potions of flight {unknown}
 E - a potion of cancellation {unknown}


   Skills:
 + Level 5.6 Fighting
 + Level 4.9 Armour
 + Level 5.7 Dodging
 + Level 6.2 Shields
 + Level 6.4 Unarmed Combat


You had 8 spell levels left.
You didn't know any spells.
Your spell library contained the following spells:

 Spells                   Type           Power      Damage    Failure   Level
 Kiss of Death            Conj/Necr      0%         2d5       63%         1
 Sting                    Tmut/Pois      0%         1d3       63%         1
 Blink                    Tloc           0%         N/A       77%         2
 Ensorcelled Hibernation  Hex/Ice        0%         N/A       77%         2
 Passwall                 Tmut/Erth      0%         N/A       77%         2
 Poisonous Vapours        Pois/Air       0%         N/A       77%         2
 Confusing Touch          Hex            0%         N/A       94%         3
 Swiftness                Air            0%         N/A       94%         3
 Dispel Undead            Necr           0%         3d6       100%        4
 Manifold Assault         Tloc           0%         N/A       100%        4
 Olgreb's Toxic Radiance  Pois           0%         N/A       100%        4
 Summon Ice Beast         Ice/Summ       0%         N/A       100%        4
 Summon Forest            Summ/Tloc      0%         N/A       100%        5
 Summon Mana Viper        Hex/Summ       0%         N/A       100%        5
 Eringya's Noxious Bog    Tmut/Pois      0%         N/A       100%        6
 Monstrous Menagerie      Summ           0%         N/A       100%        7
 Storm Form               Tmut/Air       0%         N/A       100%        7
 Summon Hydra             Summ           0%         N/A       100%        7


Dungeon Overview and Level Annotations

Branches:
Dungeon (8/15)             Temple (1/1) D:6           Sewer (visited)
   Lair: D:8-11

Altars:
Cheibriados
Dithmenos
Elyvilon
Fedhas
Gozag
Hepliaklqana
Kikubaaqudgha
Nemelex Xobeh
Okawaru
Qazlal
Ru
Trog
Vehumet
Wu Jian
Xom
Zin
The Shining One

Shops:
D:1 [[(:

Annotations:
D:8 1 runed translucent door


Innate Abilities, Weirdness & Mutations

You are too large for most types of armour.
You have claws for hands.
Your natural rate of healing is unusually fast.
You are covered in fur. (AC +1)
You have tough skin. (AC +1)


Message History

Things that are here:
a +0 flail; a gnoll corpse You see here a +0 club.
The culicivora changes into something you cannot see!
You now have 357 gold pieces (gained 18).
You see here a +0 club.
You open the door.
There is an open door here.
Found a dagger.
Found a ring mail.
Found a rapier and a falchion.
You see here a +0 rapier.
An acid dragon comes into view.
The acid dragon roars!
An acid dragon is nearby!
The acid dragon spits acid at you. The splash of acid hits you!!
The acid corrodes you!
You barely miss the acid dragon. The acid dragon bites you!
You block the acid dragon's attack.
You scratch the acid dragon but do no damage.
The acid dragon bites you. The acid dragon closely misses you.
You claw the acid dragon!
The acid dragon is heavily wounded.
The acid dragon spits acid at you. The splash of acid hits you!!
You are too injured to fight recklessly!
You are too injured to fight recklessly!
You are too injured to fight recklessly!
You are too injured to fight recklessly!
You are too injured to fight recklessly!
You claw the acid dragon!
The acid dragon is severely wounded.
The acid dragon bites you!
* * * LOW HITPOINT WARNING * * *
You block the acid dragon's attack.
You scratch the acid dragon but do no damage.
The acid dragon is severely wounded.
The acid dragon spits acid at you. The splash of acid hits you!!
You die...

#[....#.### #.≈#######≈##.#
......').####.≈≈# #≈≈##..
#.....#..)....≈≈# +......
#.....#.......≈≈# #≈≈....
#.... #.......≈#### ##≈.###
#.#####.......≈##≈≈≈##≈.#
............).≈≈≈≈≈≈≈≈≈.#
########......#.........###
#..@...# ...........
#......D..# .....#.###.
#.........# ######. #.
#.........# #. #.
#........... #. ##
#......##..... #. #......#
...... #. #...... ...... #.
####


You could see an acid dragon (catching breath).

Vanquished Creatures
  The ghost of middlethird the Thaumaturge, a novice VSAE of Cheibriados (D:6)
  A hornet (D:8)
  A wyvern (D:7)
  A steam dragon (D:7)
  2 black bears
  3 orc warriors
  A sky beast (D:7)
  A centaur (D:5)
  An ogre (D:5)
  4 bullfrogs
  2 kobold brigands
  A scorpion (D:6)
  A gnoll sergeant (D:8)
  5 wights (D:6)
  2 howler monkeys
  4 hounds
  3 jellies
  2 orc priests
  A sleepcap (D:6)
  2 gnoll boudas
  An iguana (D:6)
  8 orc wizards
  8 adders
  21 gnolls
  A shadow imp (D:7)
  An ufetubus (D:5)
  3 worms
  4 dart slugs
  20 orcs
  8 endoplasms
  6 giant cockroaches
  7 goblins
  10 hobgoblins
  12 jackals
  23 kobolds
  5 quokkas
  14 ball pythons
  4 bats
  3 frilled lizards
  12 rats
210 creatures vanquished.

Notes
Turn   | Place    | Note
-------+----------+-------------------------------------------
     0 | D:1      | Kranky the Troll Fighter began the quest for the Orb.
     0 | D:1      | Reached XP level 1. HP: 22/22 MP: 0/0
    64 | D:1      | Found Nadyuriu's Book Boutique.
   112 | D:1      | Found Coicits's Armour Shop.
   116 | D:1      | Reached XP level 2. HP: 29/29 MP: 1/1
   129 | D:1      | Found Kistuloz's Weapon Shop.
   220 | D:1      | Found Umuizyn's Antique Armour Emporium.
   276 | D:1      | Reached XP level 3. HP: 31/36 MP: 2/2
   704 | D:2      | Reached skill level 1 in Armour
   776 | D:2      | Reached XP level 4. HP: 39/44 MP: 3/3
  1669 | D:3      | Reached XP level 5. HP: 53/53 MP: 4/4
  1819 | D:3      | Found a glowing silver altar of Zin.
  1819 | D:3      | Noticed a black bear
  1843 | D:3      | Killed a black bear
  1844 | D:3      | Reached XP level 6. HP: 53/61 MP: 5/5
  2369 | D:4      | Found a glowing drain.
  2393 | Sewer    | Entered a sewer
  3118 | D:5      | Entered Level 5 of the Dungeon
  3387 | D:5      | Reached XP level 7. HP: 66/68 MP: 6/6
  4246 | D:6      | Reached XP level 8. HP: 33/73 MP: 7/7
  4369 | D:6      | Found a runed translucent gate.
  4369 | D:6      | Found a runed translucent gate.
  4370 | D:6      | Found a runed translucent gate.
  4379 | D:6      | Noticed middlethird's ghost (novice VSAE)
  4884 | D:6      | Found a blossoming altar of Fedhas.
  4950 | D:6      | Found a staircase to the Ecumenical Temple.
  4955 | D:6      | Reached skill level 5 in Shields
  4955 | D:6      | Reached skill level 5 in Unarmed Combat
  4972 | Temple   | Entered the Ecumenical Temple
  5137 | Temple   | Became a worshipper of the Wu Jian Council
  5630 | D:6      | Killed middlethird's ghost
  6013 | D:6      | Found a staircase to the Ecumenical Temple.
  6262 | D:6      | Found a blossoming altar of Fedhas.
  6808 | D:7      | Reached skill level 5 in Dodging
  6833 | D:7      | Reached skill level 5 in Fighting
  6833 | D:7      | Reached XP level 9. HP: 36/88 MP: 8/8
  7276 | D:7      | Reached * piety under Wu Jian
  8174 | D:8      | Noticed an orc knight
  8174 | D:8      | Noticed a boulder beetle
  8175 | D:8      | Found a runed translucent door.
  8177 | D:8      | Noticed a deep elf pyromancer
  8177 | D:8      | Noticed an orc knight
  8177 | D:8      | Identified the +8 sling of Xom, Keeping {heavy, rF- Will+
                  | MP+9}
  8177 | D:8      | Noticed an orc knight
  8275 | D:8      | Killed from afar by an acid dragon

Illustrated notes

Levels and vault maps discovered:
D:1:      psy_arrival_basics, layout_basic, serial_shops, shop, shop,
          nicolae_book_shop_shelving, nicolae_shop_bloodbath_and_beyond
D:2:      layout_loops_ring
D:3:      layout_loops_ring, nicolae_overflow_crystal_walls
D:4:      layout_gridville, portal_sewer_entry_b
D:5:      layout_loops_corners
D:6:      layout_loops_corners, kennysheep_mini, minmay_temple_entry_mist,
          ebering_ghost_rock_garden, grunt_ministairs_12, minivault_19,
          hangedman_decor_growths
D:7:      layout_loops_cross, minmay_stone_trees_medium, corexii_hall_statues_i
D:8:      minmay_gate_of_8, layout_basic, lightli_minifort
Temple:   bh_familiar_temple

Skill      XL: |  1  2  3  4  5  6  7  8  9 |
---------------+----------------------------+-----
Shields        | 3 4 5 6 |  6.2
Armour         | 1 2 3 4 |  4.9
Dodging        | 3 4 5 |  5.7
Fighting       | 3 4 5 |  5.6
Unarmed Combat | 3 4 5 6 |  6.4

Action                     |  1- 3 |  4- 6 |  7- 9 || total
---------------------------+-------+-------+-------++-------
  Melee: Unarmed           |   107 |   245 |   338 ||   690
Ability: Lunge             |       |       |    13 ||    13
    Use: Scroll            |       |       |     8 ||     8
 Armour: Robe              |    25 |    53 |    49 ||   127
  Dodge: Dodged            |    34 |    83 |    97 ||   214
  Block: Kite shield       |    38 |   101 |   208 ||   347
         Reflection        |       |       |     4 ||     4
